 Dungeon Crawl Stone Soup version 0.32-a0-411-g744942f433 (webtiles) character file.

Game seed: 10116592367225779136

121 shadowstone the Ruffian (level 5, -1/45 HPs)
             Began as a Naga Shapeshifter on Feb 20, 2024.
             Slain by an orc
             ... wielding a +0 mace
              (3 damage)
             ... on level 3 of the Dungeon.
             The game lasted 00:04:43 (1545 turns).

shadowstone the Ruffian (Naga Shapeshifter)         Turns: 1545, Time: 00:04:44

Health: -1/45      AC:  4    Str: 19    XL:     5   Next: 5%
Magic:  5/5        EV:  9    Int: 10    God:
Gold:   65         SH:  0    Dex: 10    Spells: 4/4 levels left

rFire   . . .        j - +0 dagger (venom)
rCold   . . .        (no shield)
rNeg    . . .        q - +0 ring mail
rPois   +            (helmet currently unavailable)
rElec   .            (cloak currently unavailable)
rCorr   .            (gloves currently unavailable)
SInv    +            (no barding)
Will    .....        (no amulet)
Stlth   +            (no ring)
HPRegen 0.27/turn    (no ring)
MPRegen 0.09/turn

%: no passive effects
@: beast-form, very slow
A: beast (slay +2), AC +1, large, see invisible, deformed body, poison
resistance, slowness 2, spit poison 1, naga tail 1
a: Spit Poison, Begin Untransformation


You were on level 3 of the Dungeon.
You were a hulking beast.
You visited 1 branch of the dungeon, and saw 3 of its levels.

You collected 65 gold pieces.

Inventory:

Hand Weapons
 j - a +0 dagger of venom (weapon)
Missiles
 l - 2 throwing nets
 o - 3 poisoned darts
Armour
 a - a +0 animal skin
 f - a +0 pair of gloves of strength
 q - a +0 ring mail (worn)
Magical Staves
 p - a staff of air
Talismans
 c - a beast talisman (active)
 d - a flux talisman
Scrolls
 e - 3 scrolls of identify {unknown}
 h - 2 scrolls of blinking {unknown}
 k - a scroll of brand weapon {unknown}
 m - a scroll of revelation {unknown}
 n - a scroll of silence {unknown}
 r - a scroll of fog {unknown}
Potions
 b - a potion of lignification
 g - a potion of might {unknown}
 i - a potion of curing {unknown}


   Skills:
 + Level 1.8 Fighting
 + Level 0.9 Short Blades
 + Level 0.2 Armour
 + Level 2.3 Dodging
 + Level 1.2 Stealth
 + Level 3.7 Unarmed Combat
 + Level 3.7 Shapeshifting


You had 4 spell levels left.
You didn't know any spells.
Your spell library contained the following spells:

 Spells                   Type           Power      Damage    Failure   Level
 Call Canine Familiar     Summ           0%         N/A       89%         3
 Sigil of Binding         Hex            0%         N/A       89%         3
 Dimensional Bullseye     Hex/Tloc       0%         N/A       100%        4


Dungeon Overview and Level Annotations

Branches:
Dungeon (3/15)

Altars:
Dithmenos
Trog


Innate Abilities, Weirdness & Mutations

You are a hulking beast.
Your limbs bulge with bestial killing power. (Slay +2)
Your serpentine skin is tough. (AC +1)
You have supernaturally acute eyesight. (SInv)
Armour fits poorly on your strangely shaped body.
Your system is resistant to poisons. (rPois)
You cover ground very slowly.
You can spit poison.
You have a snake-like lower body.


Message History

The giant cockroach bites you but does no damage.
The orc hits you with a +0 mace.
You hit the giant cockroach but do no damage.
The giant cockroach is lightly wounded.
The giant cockroach bites you but does no damage.
The orc hits you with a +0 mace.
* * * LOW HITPOINT WARNING * * *
The giant cockroach bites you but does no damage.
You hit the giant cockroach.
The giant cockroach is almost dead.
The orc closely misses you.
The giant cockroach bites you but does no damage.
You hit the giant cockroach.
You kill the giant cockroach!
The orc barely misses you.
You hit the orc but do no damage. The orc hits you but does no damage.
The orc closely misses you.
You hit the orc.
The orc is poisoned.
The orc is moderately wounded.
The orc hits you with a +0 flail.
* * * LOW HITPOINT WARNING * * *
The orc barely misses you.
You closely miss the orc.
The orc is moderately wounded.
The orc hits you but does no damage.
You barely miss the orc.
The orc is moderately wounded.
The orc hits you but does no damage.
You hit the orc.
You kill the orc!
The orc hits you with a +0 mace.
* * * LOW HITPOINT WARNING * * *
The orc hits you with a +0 mace!
* * * LOW HITPOINT WARNING * * *
The orc barely misses you.
Items here: ))) ††.
You hit the orc.
The orc is poisoned.
The orc is severely wounded.
The orc hits you with a +0 mace.
You die...

# ########### .
#.)........ .
###.#ho...?.. .
##.........#..
##..#.#.......#
.>....#........
##...........##
........###.##
....##......# ....
#..################
..
##..............†..


You could see an orc (very poisoned).

Vanquished Creatures
  A hound (D:3)
  3 orcs (D:3)
  2 ball pythons (D:1)
  5 endoplasms
  3 giant cockroaches
  9 goblins
  6 hobgoblins
  3 jackals (D:3)
  3 quokkas
  3 bats
  2 frilled lizards (D:1)
  3 kobolds
  4 rats
47 creatures vanquished.

Notes
Turn   | Place    | Note
-------+----------+-------------------------------------------
     0 | D:1      | shadowstone the Naga Shapeshifter began the quest for the
                  | Orb.
     0 | D:1      | Reached XP level 1. HP: 18/18 MP: 1/1
   129 | D:1      | Reached XP level 2. HP: 18/25 MP: 2/2
   424 | D:1      | Reached XP level 3. HP: 22/31 MP: 3/3
  1152 | D:2      | Found a bloodstained altar of Trog.
  1193 | D:2      | Reached XP level 4. HP: 38/38 MP: 4/4
  1331 | D:3      | Reached skill level 1 in Stealth
  1422 | D:3      | Found a shadowy altar of Dithmenos.
  1534 | D:3      | Reached XP level 5. HP: 22/45 MP: 5/5
  1544 | D:3      | HP: 2/45 [orc/+0 mace (7)]
  1545 | D:3      | Slain by an orc

Illustrated notes

Levels and vault maps discovered:
D:1:      dpeg_arrival_morbid_curiosity, layout_basic
D:2:      layout_rooms, basic_altar, nrook_mini_vaults,
          chequers_hall_statues_wall_a
D:3:      layout_basic, general_overflow_altar, chequers_garden

Skill      XL: |  1  2  3  4 |
---------------+-------------+-----
Dodging        | 2 |  2.3
Stealth        | 1 |  1.2
Fighting       | |  1.8
Short Blades   | |  0.9
Armour         | |  0.2
Unarmed Combat | |  3.7
Shapeshifting  | |  3.7

Action                     |  1- 3 |  4- 6 || total
---------------------------+-------+-------++-------
  Melee: Unarmed           |    37 |       ||    37
         Punch             |     1 |       ||     1
         Dagger            |    45 |    41 ||    86
Ability: Spit Poison       |       |     3 ||     3
 Armour: Animal skin       |    79 |    26 ||   105
         Ring mail         |       |    39 ||    39
         Skin              |       |     2 ||     2
  Dodge: Dodged            |    64 |    40 ||   104

Table legend: (Time is in decaauts)
 A = Elapsed time spent in this place.
 B = Non-inter-level travel time spent in this place.
 C = Inter-level travel time spent in this place.
 D = Time resting spent in this place.
 E = Time spent auto-exploring this place.
 F = Levels seen in this place.
 G = Mean time per level.
                   A        B        C        D        E       F      G
               +--------+--------+--------+--------+--------+-----+--------+
         Total |   2006 |   1764 |    242 |     85 |    798 |   3 |  668.7 |
       Dungeon |   2006 |   1764 |    242 |     85 |    798 |   3 |  668.7 |
               +--------+--------+--------+--------+--------+-----+--------+

Top non-repeatable levels by time:
     D:1: 1505 daAuts
     D:3: 325 daAuts
     D:2: 176 daAuts
